AoeStats
← Lord_of_Empires

Arabia

507717240Analyzed
1v1 RM · 15d ago on Sep 19, 2026· 41m 9s· 2 players
Game mode
Random Map
Map size
Tiny (2 player)
Population
200
Speed
Normal
Resources
Standard
Victory
Conquest
Starting age
Dark Age
Ending age
Imperial Age
RankedLock teamsTeams togetherTeam positionsShared explorationLock speedFull tech treeHidden civsTurbo modeCheats
Victory
Defeat
🇪🇸 Vietnamese · Spain
1371
+16
🇹🇷 Vietnamese · Türkiye
1377
-16
nico el ruso
6:13 Loom
9:00 Feudal Age
9:13 Man-at-Arms
14:38 Double-Bit Axe
14:34 Horse Collar
17:21 Wheelbarrow
21:35 Castle Age
19:58 Gold Mining
20:27 Fletching
21:24 Padded Archer Armor
21:38 Crossbowman
22:28 Bodkin Arrow
25:11 Hand Cart
28:48 Bow Saw
30:10 Town Watch
31:51 Leather Archer Armor
33:41 Heavy Plow
38:06 Imperial Age
38:01 Thumb Ring
38:20 Squires
38:24 Scale Mail Armor
40:07 Two-Man Saw
39:37 Crop Rotation
40:43 Chemistry
40:04 Ballistics
41:07 Town Patrol
41:34 Forging
Lord_of_Empires
6:09 Loom
8:50 Feudal Age
9:19 Double-Bit Axe
9:15 Horse Collar
16:52 Wheelbarrow
22:02 Castle Age
20:31 Fletching
21:02 Padded Archer Armor
21:17 Gold Mining
21:44 Stone Mining
22:08 Crossbowman
23:02 Bodkin Arrow
29:40 Scale Barding Armor
29:47 Forging
31:02 Bloodlines
31:32 Guard Tower
37:28 Hand Cart
41:53 Imperial Age
40:41 Husbandry
41:30 Bow Saw
41:24 Heavy Plow
Connection lost

Rejoining the realm…

Still unreachable

The connection could not be restored.

Session expired

The server has moved on; the page needs a fresh start.